Map: Cerulean Fall LE

Players

ImDopa - Winner!

  • Race: Zerg Zerg
  • Spawn Location: 1:00

Yocto

  • Race: Zerg Zerg
  • League: Platinum
  • Spawn Location: 7:00

VOD

Have the link to the VOD?

Description

Time

  • Played on: Dec. 22, 2018, 4:45 a.m.
  • Length: 8:55
Show
View Real Time Build Order
Export as new Build Order

ImDopa Zerg - Winner!

Build Orders: Pool First 

Get SALT Encoding   

  12  0:01  Drone  
  13  0:12  Overlord  
  13  0:17  Drone  
  14  0:31  Drone x2  
  14  0:35  Drone  
  17  0:45  Spawning Pool  
  17  0:49  Drone  
  17  1:10  Hatchery  
  16  1:19  Drone  
  17  1:32  Zergling x6  
  20  1:33  Queen  
  22  1:43  Overlord  
  22  2:02  Drone  
  22  2:06  Drone  
  24  2:10  Queen  
  26  2:15  Drone  
  26  2:22  Queen  
  29  2:33  Drone  
  29  2:35  Hatchery, Drone  
  30  2:41  Drone x2  
  30  2:44  Drone  
  33  2:51  Overlord  
  33  2:59  Extractor  
  33  3:00  Extractor  
  31  3:06  Queen  
  31  3:09  Drone x2  
  31  3:10  Drone x2  
  37  3:13  Drone  
  38  3:29  Overlord  
  38  3:30  Zergling x4  
  38  3:31  Zergling x6  
  43  3:39  Evolution Chamber  
  43  3:48  Roach Warren, Drone x2  
  43  3:50  Drone  
  43  3:55  Metabolic Boost  
  44  4:06  Drone x4  
  48  4:18  Zerg Missile Weapons Level 1  
  48  4:19  Drone  
  48  4:20  Drone x2  
  51  4:27  Drone x3  
  51  4:28  Drone  
  54  4:36  Queen  
  54  4:48  Evolution Chamber  
  54  4:49  Lair  
  54  4:50  Drone  
  54  4:51  Drone x3  
  55  5:02  Overlord x3  
  55  5:03  Overlord  
  55  5:20  Zerg Ground Armor Level 1, Drone x2  
  55  5:21  Extractor, Drone x5  
  60  5:22  Extractor  
  60  5:30  Drone  
  60  5:31  Drone x5  
  60  5:33  Drone x2  
  67  5:39  Drone  
  68  5:47  Glial Reconstitution  
  68  5:51  Roach x6  
  80  6:07  Queen x3  
  80  6:09  Roach  
  80  6:10  Roach  
  90  6:14  Overlord x2  
  90  6:17  Overseer  
  90  6:19  Overlord x2  
  90  6:22  Overlord  
  90  6:28  Spire  
  90  6:30  Extractor x2, Drone  
  90  6:31  Drone  
  89  6:33  Drone  
  90  6:42  Drone  
  90  6:43  Drone x8  
  99  6:59  Spore Crawler x3  
  96  7:04  Spore Crawler x2  
  96  7:07  Drone x3  
  97  7:10  Pneumatized Carapace  
  97  7:18  Spore Crawler  
  96  7:25  Spore Crawler  
  96  7:26  Spore Crawler  
  96  7:27  Drone x2  
  96  7:28  Drone  
  97  7:30  Drone  
  96  7:50  Mutalisk x9  
  112  7:58  Overlord x2  
  112  7:59  Overlord x3  
  112  8:00  Drone  
  112  8:01  Mutalisk, Drone  
  112  8:04  Drone  
  117  8:06  Drone x2  
  117  8:07  Mutalisk  
  121  8:17  Mutalisk x2  
  125  8:21  Drone  
  126  8:27  Mutalisk  
  126  8:33  Hatchery  
Show
View Real Time Build Order
Export as new Build Order

Yocto Zerg 

Build Orders: Hatch First 

Get SALT Encoding   

  12  0:04  Drone  
  13  0:15  Overlord  
  13  0:18  Drone  
  14  0:35  Drone x2  
  16  0:38  Drone  
  17  0:55  Hatchery  
  16  0:58  Drone  
  16  1:02  Extractor, Drone  
  17  1:16  Spawning Pool  
  16  1:19  Drone  
  17  1:27  Drone  
  17  1:32  Drone  
  19  1:43  Overlord  
  19  1:53  Drone  
  20  2:10  Queen, Spine Crawler x2  
  20  2:12  Zergling x4  
  22  2:20  Baneling Nest  
  21  2:23  Zergling x2  
  22  2:30  Metabolic Boost  
  22  2:36  Zergling x2  
  23  2:47  Zergling x6  
  26  2:58  Queen  
  28  3:09  Baneling  
  28  3:12  Overlord  
  28  3:20  Lair  
  28  3:34  Overlord  
  28  3:40  Drone x3  
  31  3:44  Extractor  
  30  3:54  Queen  
  32  3:58  Drone  
  33  4:14  Drone x5  
  38  4:30  Drone  
  38  4:31  Drone x3  
  40  4:49  Baneling  
  40  4:50  Drone  
  40  4:51  Drone x2  
  43  4:58  Drone  
  44  5:00  Drone  
  44  5:03  Overlord x3  
  42  5:12  Spire  
  42  5:14  Overlord x2  
  41  5:22  Extractor  
  41  5:24  Extractor, Drone x2  
  41  5:25  Drone  
  42  5:44  Evolution Chamber  
  42  5:45  Evolution Chamber  
  42  5:48  Zergling x6  
  43  5:50  Baneling  
  43  5:52  Queen  
  45  6:03  Drone  
  45  6:04  Drone x3  
  49  6:11  Drone x5  
  51  6:12  Drone  
  55  6:26  Drone  
  55  6:32  Mutalisk x4  
  56  6:33  Mutalisk  
  66  6:49  Drone  
  67  6:59  Overlord  
  67  7:00  Overlord x3  
  67  7:07  Hatchery  
  67  7:08  Overlord x2  
  66  7:23  Mutalisk x4  
  66  7:24  Mutalisk x2  
  78  7:34  Drone x4  
  81  7:44  Zergling x4  
  81  7:49  Baneling  
  81  7:51  Zergling x8  
  86  8:04  Drone x5  
  91  8:18  Drone x2  
  93  8:27  Spine Crawler  
  93  8:28  Spine Crawler  
  93  8:29  Mutalisk  
  93  8:30  Mutalisk x6  
Tags
 
League
Platinum
Matchup
ZvZ
Race
Zerg
Replay Pack
Yocto
Spawn Locations
Cross Positions
Add a new tag
Caveats
  • Supply blocks, unpowered buildings, or Contaminate may cause inaccurate times.
  • Supply counts are checked every 10 seconds.